 Dungeon Crawl Stone Soup version 0.26.0-7-g794d0892b4 (webtiles) character file.

Game seed: 8355754800010000820

23 trckry the Caller (level 2, 0/21 HPs)
             Began as a Demonspawn Wanderer on Jan 10, 2021.
             Slain by a bat (1 damage)
             ... on level 1 of the Dungeon.
             The game lasted 00:01:43 (427 turns).

trckry the Caller (Demonspawn Wanderer)              Turns: 427, Time: 00:01:44

Health: 0/21       AC:  2    Str: 14    XL:     2   Next: 75%
Magic:  3/3        EV: 11    Int: 13    God:
Gold:   11         SH:  0    Dex: 10    Spells: 2/3 levels left

rFire    . . .     SeeInvis .   a - +2 quarterstaff
rCold    . . .     Faith    .   (shield currently unavailable)
rNeg     . . .     Spirit   .   d - +0 robe
rPois    .         Reflect  .   (no helmet)
rElec    .         Harm     .   (no cloak)
rCorr    .         Rampage  .   (no gloves)
Will     .....                  (no boots)
Stlth    +.........             (no amulet)
HPRegen  0.07/turn              (no ring)
MPRegen  0.08/turn              (no ring)

@: no status effects
A: claws 1
a: no special abilities


You were on level 1 of the Dungeon.
You visited 1 branch of the dungeon, and saw 1 of its levels.

You collected 11 gold pieces.

Inventory:

Hand Weapons
 a - a +2 quarterstaff (weapon)
Armour
 d - a +0 robe (worn)
Scrolls
 b - 2 scrolls of teleportation
 f - a scroll of remove curse {unknown}
Potions
 c - a potion of ambrosia {unknown}
 e - a potion of degeneration {unknown}
 g - a potion of curing {unknown}


   Skills:
 + Level 1.2 Fighting
 * Level 0.8(1.4) Maces & Flails
 - Level 1.7(1.9) Staves
 + Level 1.1 Throwing
 + Level 0.4 Armour
 + Level 0.3 Dodging
 + Level 0.4 Shields
 - Level 1.0 Spellcasting
 - Level 4.0 Summonings
 + Level 0.7 Invocations
 + Level 1.3 Evocations


You had 2 spell levels left.
You knew the following spells:

 Your Spells              Type           Power        Failure   Level
a - Summon Small Mammal   Summ           44%          5%          1

Your spell library contained the following spells:

 Spells                   Type           Power        Failure   Level
 Summon Guardian Golem    Hex/Summ       5%           36%         3


Dungeon Overview and Level Annotations

Branches:
Dungeon (1/15)

Altars:


Innate Abilities, Weirdness & Mutations

You have sharp fingernails.


Message History

The bat hits you but does no damage. The bat closely misses you.
The leopard gecko closely misses you. x2
You closely miss the leopard gecko.
The leopard gecko is heavily wounded.
The bat barely misses you. The bat closely misses you. The bat hits you.
* * * LOW HITPOINT WARNING * * *
The leopard gecko barely misses you.
You closely miss the leopard gecko.
The leopard gecko is heavily wounded.
The bat closely misses you. x2; The leopard gecko bites you.
* * * LOW HITPOINT WARNING * * *
The leopard gecko misses you.
You sock the leopard gecko!
You kill the leopard gecko!
The bat hits you.
* * * LOW HITPOINT WARNING * * *
The bat hits you.
* * * LOW HITPOINT WARNING * * *
The bat hits you.
You die...

######## #......#
######## #.[....###
..##...#######........##
........##.............#
...........#............
.........##..#..@b....(.
.....(......##..b.......
..........####..........
..##....### #..........
#..##.### ##........#
##.†).# ..........
......##### ..........
##........# #..........
##.#..##..#


You could see 2 bats.

Vanquished Creatures
  A gnoll (D:1)
  A dart slug (D:1)
  A leopard gecko (D:1)
  A bat (D:1)
  2 goblins (D:1)
  4 hobgoblins (D:1)
  A frilled lizard (D:1)
  A kobold (D:1)
  A rat (D:1)
13 creatures vanquished.

Notes
Turn   | Place    | Note
-------+----------+-------------------------------------------
     0 | D:1      | trckry the Demonspawn Wanderer began the quest for the Orb.
     0 | D:1      | trckry set off with the following items: a +2 quarterstaff,
                  | a scroll of teleportation, a +0 robe; and the following
                  | spell memorised: Summon Small Mammal; and the following
                  | spells available to memorise: Summon Guardian Golem
     0 | D:1      | Reached XP level 1. HP: 15/15 MP: 2/2
    22 | D:1      | Gained mutation: You have sharp fingernails. [demonic
                  | ancestry]
    22 | D:1      | Reached XP level 2. HP: 8/21 MP: 1/3
   427 | D:1      | HP: 2/21 [bat (1)]
   427 | D:1      | Slain by a bat

Illustrated notes

Levels and vault maps discovered:
D:1:      mrwooster_arrival_arrow, layout_rooms, minmay_lizard_king

Action                   || total
-------------------------++-------
Melee: Quarterstaff      ||    35
 Cast: Summon Small Mamm ||     2
Armor: Robe              ||    12
Dodge: Dodged            ||    29
